 Dungeon Crawl Stone Soup version 0.28.0-53-g5a82cb258f (webtiles) character file.

Game seed: 15691169067326438734

1214 styxcanada the Covert (level 8, -5/40 HPs)
             Began as a Spriggan Brigand on July 10, 2022.
             Slain by Duvessa
             ... wielding a +0 short sword
              (19 damage)
             ... on level 4 of the Dungeon.
             The game lasted 00:22:32 (5238 turns).

styxcanada the Covert (Spriggan Brigand)            Turns: 5238, Time: 00:22:32

Health: -5/40      AC:  5    Str:  7    XL:     8   Next: 22%
Magic:  14/14      EV: 20    Int: 12    God:
Gold:   206        SH:  0    Dex: 19    Spells: 8/13 levels left

rFire   . . .      SeeInvis +   z - +1 dagger (holy)
rCold   . . .      Faith    .   (no shield)
rNeg    . . .      Spirit   .   q - +2 robe
rPois   .          Reflect  .   (helmet restricted)
rElec   .          Harm     .   c - +0 cloak
rCorr   .          Rampage  .   (gloves unavailable)
Will    +....                   (boots unavailable)
Stlth   +++++.....              (no amulet)
HPRegen 0.13/turn               u - ring of wizardry
MPRegen 0.14/turn               (no ring)

@: very quick
A: very small, no large weapons, unfitting armour, see invisible, speed 3
a: no special abilities


You were on level 4 of the Dungeon.
You visited 1 branch of the dungeon, and saw 5 of its levels.

You collected 206 gold pieces.

Inventory:

Hand Weapons
 a - a +2 dagger
 d - a +3 quarterstaff of chaos
 s - a +0 hunting sling
 z - a +1 dagger of holy wrath (weapon)
Missiles
 e - 5 poisoned darts (quivered)
 h - 85 stones
 i - 27 sling bullets
 x - a curare-tipped dart
Armour
 c - a +0 cloak (worn)
 q - a +2 robe (worn)
Magical Staves
 r - a staff of fire
Jewellery
 g - a ring of ice
 j - a +4 ring of protection
 u - a ring of wizardry (left hand)
Wands
 b - a wand of flame (23)
 y - a wand of iceblast (7)
Scrolls
 t - a scroll of teleportation
Potions
 f - 2 potions of resistance
 k - a potion of might
 l - a potion of ambrosia
 m - a potion of haste
 n - a potion of brilliance
 o - 2 potions of mutation
 p - 2 potions of heal wounds {unknown}
 v - a potion of lignification {unknown}
 w - a potion of magic {unknown}


   Skills:
 + Level 3.1 Fighting
 + Level 3.9 Short Blades
 + Level 3.7 Throwing
 * Level 4.8 Dodging
 * Level 10.0 Stealth
 * Level 3.4 Spellcasting
 * Level 2.0 Conjurations
 * Level 1.6 Fire Magic
 * Level 0.1 Air Magic
 * Level 0.1 Poison Magic
 * Level 0.2 Evocations


You had 8 spell levels left.
You knew the following spells:

 Your Spells              Type           Power      Damage    Failure   Level
a - Magic Dart            Conj           24%        1d4       4%          1
b - Foxfire               Conj/Fire      24%        2x1d5     4%          1
c - Mephitic Cloud        Conj/Pois/Air  3%         N/A       21%         3

Your spell library contained the following spells:

 Spells                   Type           Power      Damage    Failure   Level
 Animate Skeleton         Necr           4%         N/A       10%         1
 Pain                     Necr           8%         1d4       10%         1
 Slow                     Hex            8%         N/A       10%         1
 Conjure Flame            Conj/Fire      6%         6-21      13%         3
 Call Imp                 Summ           2%         N/A       14%         2
 Inner Flame              Hex/Fire       3%         N/A       21%         3
 Confusing Touch          Hex            2%         N/A       26%         3
 Gell's Gravitas          Tloc           2%         N/A       26%         3
 Lesser Beckoning         Tloc           2%         N/A       26%         3
 Teleport Other           Tloc           2%         N/A       26%         3
 Vampiric Draining        Necr           2%         2d6       26%         3
 Flame Wave               Conj/Fire      6%         2d5       38%         4


Dungeon Overview and Level Annotations

Branches:
Dungeon (5/15)
 Temple: D:4-7

Altars:
Kikubaaqudgha
Makhleb
Vehumet
Zin

Annotations:
D:3 exclusion: statue
D:4 Duvessa


Innate Abilities, Weirdness & Mutations

You are very small and have problems with some larger weapons.
You are too small for most types of armour.
You have supernaturally acute eyesight. (SInv)
You cover ground extremely quickly. (Speed+++)


Message History

The foxfire hits the adder.
You kill the adder!
The foxfire hits Duvessa.
Duvessa is lightly wounded.
Duvessa rages.
Throw: 10 darts (poison)
Press: ? - help, Q - select action, (/) - cycle Shift-Dir - straight line, f/p - Duvessa
Aim: Duvessa, wielding a +0 short sword, wearing a +0 leather armour and carrying a wand of flame (18) (lightly wounded, berserk, 66% to hit)
You throw a poisoned dart.
The poisoned dart barely misses Duvessa.
Duvessa barely misses you.
Throw: 9 darts (poison)
Press: ? - help, Q - select action, (/) - cycle Shift-Dir - straight line, f/p - Duvessa
Aim: Duvessa, wielding a +0 short sword, wearing a +0 leather armour and carrying a wand of flame (18) (lightly wounded, berserk, 66% to hit)
You throw a poisoned dart. The poisoned dart hits Duvessa!
Duvessa is poisoned.
Duvessa is lightly wounded.
Duvessa rages.
Throw: 8 darts (poison)
Press: ? - help, Q - select action, (/) - cycle Shift-Dir - straight line, f/p - Duvessa
Aim: Duvessa, wielding a +0 short sword, wearing a +0 leather armour and carrying a wand of flame (18) (lightly wounded, berserk, poisoned, 66% to hit)
You throw a poisoned dart. The poisoned dart hits Duvessa.
Duvessa looks even sicker.
Duvessa is lightly wounded.
Duvessa misses you.
Duvessa rages.
Throw: 7 darts (poison)
Press: ? - help, Q - select action, (/) - cycle Shift-Dir - straight line, f/p - Duvessa
Aim: Duvessa, wielding a +0 short sword, wearing a +0 leather armour and carrying a wand of flame (18) (moderately wounded, berserk, very poisoned, 66% to hit)
You throw a poisoned dart.
The poisoned dart barely misses Duvessa.
Duvessa hits you with a +0 short sword.
Duvessa rages.
Throw: 6 darts (poison)
Press: ? - help, Q - select action, (/) - cycle Shift-Dir - straight line, f/p - Duvessa
Aim: Duvessa, wielding a +0 short sword, wearing a +0 leather armour and carrying a wand of flame (18) (moderately wounded, berserk, poisoned, 66% to hit)
You throw a poisoned dart. The poisoned dart hits Duvessa.
Duvessa looks even sicker.
Duvessa is moderately wounded.
Duvessa hits you with a +0 short sword!!
You die...

...#[#.#.###.......#.# #.#
...#.#.#.###........(# #.#
####.#.#..##.......### #.#
#....#.##.##..†....# #(#
#.#.....#..#.......# ######.#
#.#.....##.#.#.##### #......#
#.#.....##...#.# #.###..###
#.#.....###..#.#######.#......#
...###'## #..#..@e(.........#.#
#...#..####..##........#......#
#...#####[..>##.#..........####
.#'### #.....#...............#
.....####.#..))....#.......##.#
_..._#A##.#.#.#.......#..#....#
.....####.#.#.#....#.##..##.#.#
.#'### #.#<[......#.##..##.#.#
#...#####........#.#..#.....#.#


You could see Duvessa (berserk, very poisoned).

Vanquished Creatures
  Pikel (D:4)
  Menkaure (D:4)
  An ogre (D:4)
  A scorpion (D:4)
  Dowan (D:5)
  A howler monkey (D:4)
  3 hounds
  Crazy Yiuf (D:4)
  2 iguanas
  4 orc wizards (D:4)
  7 adders
  An adder skeleton (D:4)
  A dart slug (D:3)
  8 orcs
  A bat zombie (D:3)
  8 endoplasms
  3 giant cockroaches
  5 goblins
  6 hobgoblins
  2 jackals (D:1)
  9 kobolds
  2 quokkas
  5 ball pythons
  9 bats
  4 frilled lizards
  5 rats
  A rat zombie (D:3)
93 creatures vanquished.

Vanquished Creatures (others)
  13 foxfires (D:4)
  A fungus (D:1)
14 creatures vanquished.

Grand Total: 107 creatures vanquished

Notes
Turn   | Place    | Note
-------+----------+-------------------------------------------
     0 | D:1      | styxcanada the Spriggan Brigand began the quest for the
                  | Orb.
     0 | D:1      | Reached XP level 1. HP: 10/10 MP: 2/2
   132 | D:1      | Reached skill level 6 in Stealth
   246 | D:1      | Reached XP level 2. HP: 15/15 MP: 3/3
   918 | D:2      | Reached XP level 3. HP: 17/18 MP: 4/4
   940 | D:2      | Reached skill level 7 in Stealth
  2172 | D:3      | Reached XP level 4. HP: 12/23 MP: 5/5
  2284 | D:3      | Learned a level 1 spell: Magic Dart
  2677 | D:3      | Found a radiant altar of Vehumet.
  2677 | D:3      | Noticed a charred statue
  2722 | D:3      | Found an ancient bone altar of Kikubaaqudgha.
  3128 | D:4      | Noticed Menkaure
  3132 | D:4      | Killed Menkaure
  3133 | D:4      | Reached skill level 8 in Stealth
  3133 | D:4      | Reached skill level 1 in Spellcasting
  3133 | D:4      | Reached XP level 5. HP: 26/26 MP: 5/7
  3159 | D:4      | Found the +4 robe of Augmentation {Str+4 Int+4 Dex+4}
  3168 | D:4      | Noticed an ogre
  3171 | D:4      | Reached XP level 6. HP: 31/31 MP: 7/9
  3215 | D:4      | Reached skill level 9 in Stealth
  3563 | D:4      | Reached skill level 1 in Conjurations
  3754 | D:4      | Learned a level 1 spell: Foxfire
  3849 | D:4      | Found a runed translucent door.
  3850 | D:4      | Noticed Crazy Yiuf
  3882 | D:4      | Killed Crazy Yiuf
  4192 | D:4      | Noticed Pikel
  4240 | D:4      | Killed Pikel
  4241 | D:4      | Reached skill level 1 in Fire Magic
  4241 | D:4      | Reached XP level 7. HP: 31/35 MP: 6/12
  4421 | D:4      | Reached XP level 8. HP: 32/40 MP: 10/13
  4860 | D:4      | Found a burning altar of Makhleb.
  4863 | D:4      | Found a glowing silver altar of Zin.
  4864 | D:4      | Noticed an Executioner
  4864 | D:4      | Noticed an angel
  4976 | D:5      | Entered Level 5 of the Dungeon
  5027 | D:5      | Learned a level 3 spell: Mephitic Cloud
  5032 | D:5      | Noticed Dowan
  5034 | D:5      | Noticed Duvessa
  5039 | D:5      | Killed Dowan
  5040 | D:5      | Reached skill level 10 in Stealth
  5238 | D:4      | Slain by Duvessa

Illustrated notes

Levels and vault maps discovered:
D:1:      dpeg_cavernosity, layout_basic
D:2:      layout_basic, minmay_diced_spiral
D:3:      layout_basic, vehumet_statue, lemuel_zombie_altar_kikubaaqudgha,
          minmay_randomly_rotated_circles
D:4:      layout_basic, grunt_temple_overflow_order_and_chaos_2, uniq_menkaure,
          uniq_crazy_yiuf_cottage, uniq_pikel
D:5:      layout_cave_pools, grunt_qazlal_sundering, uniq_duvessa

Skill      XL: |  1  2  3  4  5  6  7  8 |
---------------+-------------------------+-----
Stealth        | 6 7 8 9 10 | 10.0
Dodging        | 2 4 |  4.8
Fighting       | 2 3 |  3.1
Spellcasting   | 1 2 3 |  3.4
Short Blades   | 3 |  3.9
Conjurations   | 1 2 |  2.0
Throwing       | 3 |  3.7
Fire Magic     | 1 |  1.6
Air Magic      | |  0.1
Poison Magic   | |  0.1
Evocations     | |  0.2

Action                   |  1- 3 |  4- 6 |  7- 9 || total
-------------------------+-------+-------+-------++-------
Melee: Dagger            |   120 |   101 |    83 ||   304
       Punch             |     1 |     3 |     1 ||     5
Throw: Dart              |    15 |    35 |    19 ||    69
       Stone             |       |     2 |       ||     2
 Cast: Magic Dart        |       |    18 |     2 ||    20
       Foxfire           |       |     4 |     7 ||    11
  Use: Scroll            |       |     7 |     3 ||    10
       Potion            |       |       |     1 ||     1
 Stab: Distracted        |     2 |       |       ||     2
       Sleeping          |    13 |     8 |     5 ||    26
Armor: Robe              |    26 |     8 |    12 ||    46
Dodge: Dodged            |   124 |    84 |    70 ||   278
